 Dungeon Crawl Stone Soup version 0.23.1 (webtiles) character file.

Game seed: 542178598120275476

116 literoy the Cudgeler (level 4, -5/41 HPs)
             Began as a Minotaur Berserker on Mar 17, 2019.
             Was a Priest of Trog.
             Slain by Sigmund
             ... wielding a +0 scythe
              (10 damage)
             ... on level 2 of the Dungeon.
             The game lasted 00:06:34 (1770 turns).

literoy the Cudgeler (Minotaur Berserker)           Turns: 1770, Time: 00:06:35

Health: -5/41      AC:  3    Str: 23    XL:     4   Next: 70%
Magic:  0/3        EV: 12    Int:  4    God:    Trog [***...]
Gold:   89         SH:  0    Dex:  9    Spells: 3/3 levels left

rFire    . . .     SeeInvis .   a - +0 mace
rCold    . . .     Gourm    .   (no shield)
rNeg     . . .     Faith    .   b - +0 animal skin
rPois    +         Spirit   +   (helmet restricted)
rElec    .         Reflect  .   (no cloak)
rCorr    .         Harm     .   (no gloves)
MR       +....                  o - +0 pair of boots (curse)
Stlth    +.........             d - amulet of guardian spirit
HPRegen  0.13/turn              q - ring of poison resistance
MPRegen  0.08/turn              t - ring of protection from magic

@: no status effects
A: retaliatory headbutt, horns 2
a: Berserk, Trog's Hand, Renounce Religion


You were on level 2 of the Dungeon.
You worshipped Trog.
Trog was most pleased with you.
You were not hungry.

You visited 1 branch of the dungeon, and saw 3 of its levels.

You collected 89 gold pieces.

Inventory:

Hand Weapons
 a - a +0 mace (weapon)
 s - a +0 flail
Armour
 b - a +0 animal skin (worn)
 j - a +0 leather armour
 o - a cursed +0 pair of boots (worn)
Jewellery
 d - an amulet of guardian spirit (around neck)
 q - a ring of poison resistance (left hand)
 r - an uncursed ring of ice
 t - a ring of protection from magic (right hand)
Scrolls
 e - 8 scrolls of identify {unknown}
 f - 2 scrolls of noise {unknown}
 g - a scroll of blinking {unknown}
 h - a scroll of random uselessness {unknown}
 l - 2 scrolls of remove curse {unknown}
 m - a scroll of immolation {unknown}
 n - a scroll of fear {unknown}
 p - a scroll of enchant weapon {unknown}
Potions
 i - a potion of might {unknown}
 k - a potion of heal wounds {unknown}
 v - a potion of invisibility {unknown}
 w - a potion of cancellation {unknown}
Comestibles
 c - 3 rations


   Skills:
 + Level 4.6 Fighting
 + Level 5.4 Maces & Flails
 + Level 2.6 Armour
 + Level 2.9 Dodging
 + Level 0.2 Stealth


You had 3 spell levels left.
You didn't know any spells.
Your spell library was empty.

Dungeon Overview and Level Annotations

Branches:
Dungeon (3/15)

Altars:
Trog
Vehumet

Annotations:
D:2 Sigmund


Innate Abilities, Weirdness & Mutations

You reflexively headbutt those who attack you in melee.
You have a pair of horns on your head.


Message History

Sigmund hits you from afar with a +0 scythe.
Sigmund hits you with a +0 scythe.
You hit Sigmund. You headbutt Sigmund.
Sigmund is lightly wounded.
You sock Sigmund!
Sigmund is heavily wounded.
Sigmund hits you with a +0 scythe!
You hit Sigmund. You headbutt Sigmund.
Sigmund is severely wounded.
Sigmund hits you with a +0 scythe!
* * * LOW HITPOINT WARNING * * *
Sigmund closely misses you.
Sigmund mumbles some strange words.
Sigmund flickers and vanishes!
Deactivating autopickup; reactivate with Ctrl-A.
A magic dart appears from out of thin air!
The magic dart hits you.
* * * LOW HITPOINT WARNING * * *
Something hits you!
You die...

.....# #.# .....#
#.##.# .....# #..#.#
.....###########.#.#
.................#.#
...................#
.............).....#
............(......#
................@.>#
.................#.#
#.###............#.#
#.###............#.#
.................#.#
.....#.........###.#
.....#.........# #.#
.....#.........# #.#
.....#.........# #.#


There were no monsters in sight!

Vanquished Creatures
  4 adders
  2 worms (D:2)
  3 dart slugs
  2 leopard geckos
  An orc (D:3)
  6 giant cockroaches
  6 goblins
  3 hobgoblins
  6 jackals (D:1)
  5 kobolds
  A quokka (D:3)
  3 ball pythons (D:1)
  7 bats
  4 frilled lizards
  13 rats
66 creatures vanquished.

Notes
Turn   | Place    | Note
-------+----------+-------------------------------------------
     0 | D:1      | literoy the Minotaur Berserker began the quest for the Orb.
     0 | D:1      | Reached XP level 1. HP: 19/19 MP: 0/0
    93 | D:1      | Reached XP level 2. HP: 9/27 MP: 1/1
   147 | D:1      | Reached skill level 4 in Maces & Flails
   441 | D:1      | Reached ** piety under Trog
   557 | D:1      | Reached XP level 3. HP: 33/33 MP: 2/2
   942 | D:2      | Found a radiant altar of Vehumet.
  1081 | D:2      | Found a bloodstained altar of Trog.
  1081 | D:2      | You fall through a shaft!
  1117 | D:3      | Reached skill level 5 in Maces & Flails
  1117 | D:3      | Reached XP level 4. HP: 32/41 MP: 3/3
  1120 | D:3      | Reached *** piety under Trog
  1739 | D:2      | Noticed Sigmund
  1770 | D:2      | Slain by Sigmund

Skill      XL: |  1  2  3 |
---------------+----------+-----
Fighting       | 4 |  4.6
Maces & Flails | 4 5 |  5.4
Armour         | |  2.6
Dodging        | |  2.9
Stealth        | |  0.2

Action                   |  1- 3 |  4- 6 || total
-------------------------+-------+-------++-------
Melee: Mace              |    91 |    33 ||   124
       Headbutt          |    11 |     5 ||    16
  Eat: Chunk             |       |     3 ||     3
Armor: Animal skin       |    29 |     5 ||    34
Dodge: Dodged            |    99 |    16 ||   115
